 Dungeon Crawl Stone Soup version 0.20-a0-850-ge5a7832 (webtiles) character file.

107 Duffy the Chopper (level 4, 39/42 HPs)
             Began as a Naga Fighter on Mar 10, 2017.
             Quit the game on level 4 of the Dungeon.
             The game lasted 00:01:59 (2071 turns).

Duffy the Chopper (Naga Fighter)                    Turns: 2071, Time: 00:02:00

Health: 39/42      AC:  6    Str: 19    XL:     4   Next: 85%
Magic:  4/4        EV:  3    Int:  9    God:
Gold:   79         SH:  9    Dex: 10    Spells: 3/3 levels left

rFire    . . .     SeeInvis +   a - +0 war axe
rCold    . . .     Gourm    .   h - +0 chain mail (curse)
rNeg     . . .     Faith    .   c - +0 shield
rPois    +         Spirit   .   (no helmet)
rElec    .         Reflect  .   (no cloak)
rCorr    .         Harm     .   (no gloves)
MR       .....                  (no barding)
Stlth    ..........             (no amulet)
Regen    0.2/turn               (no ring)
MPRegen  0.1/turn               (no ring)

@: very slow
A: see invisible, deformed body, poison resistance, slowness 2, slow metabolism
1, spit poison 1, AC +1
a: Spit Poison


You were on level 4 of the Dungeon.
You were not hungry.

You visited 1 branch of the dungeon, and saw 4 of its levels.

You collected 79 gold pieces.

Inventory:

Hand Weapons
 a - a +0 war axe (weapon)
Armour
 b - a +0 scale mail
 c - a +0 shield (worn)
 h - a cursed +0 chain mail (worn)
Wands
 k - a wand of flame (22/48)
Scrolls
 g - a scroll of magic mapping {unknown}
 j - a scroll of teleportation {unknown}
Potions
 d - a potion of might
 e - 2 potions of curing {unknown}
Comestibles
 f - 2 bread rations
 i - 2 royal jellies
 l - 2 meat rations


   Skills:
 - Level 3.0 Fighting
 + Level 3.7 Axes
 - Level 2.4 Armour
 + Level 3.5 Shields


You had 3 spell levels left.
You didn't know any spells.

Dungeon Overview and Level Annotations

Branches:
Dungeon (4/15)
 Temple: D:4-7

Altars:
Vehumet


Innate Abilities, Weirdness & Mutations

You cannot wear boots.
Your serpentine skin is tough. (AC +1)
You have supernaturally acute eyesight. (SInv)
Armour fits poorly on your strangely shaped body.
Your system is resistant to poisons. (rPois)
You cover ground very slowly.
You have a slow metabolism.
You can spit poison.


Message History

You hit the plant but do no damage. The worker ant barely misses you.
You slash the worker ant!
You kill the worker ant!
You hit the plant but do no damage.
No target in view!
No target in view!
You enter the shallow water.
Moving in this stuff is going to be slow.
You see here a glowing chain mail.
h - a glowing chain mail Wear which item (? for menu, Esc to quit)
You start removing your armour.
You continue taking off your +0 scale mail. x4
You finish taking off your +0 scale mail.
You start putting on your armour.
You continue putting on your glowing chain mail. x5
You finish putting on your cursed +0 chain mail.
Oops, that feels deathly cold.
There is a stone staircase leading up here.
Are you sure you want to abandon this character and quit the game? (Confirm with "yes".)

~~P~P~~~~PP~~P~..
~~~~~P~P~~~~P~~7
~~.~PP~P~~~~~P7
.....~.~~P~~~7
............####
~..............#
~PP~~..~.......#
~~~~P~~~~P.<...#
~~~7~~P77.@....#
7 77777.......#
7.........#
###########


There were no monsters in sight!

Vanquished Creatures
  A worker ant (D:4)
  An adder (D:2)
  3 oozes
  3 worms (D:2)
  A dart slug (D:2)
  A leopard gecko (D:2)
  3 giant cockroaches
  4 goblins
  7 hobgoblins
  2 jackals (D:1)
  6 kobolds
  2 quokkas (D:2)
  5 bats
  5 frilled lizards
  6 rats
50 creatures vanquished.

Vanquished Creatures (others)
  An adder (D:2)
1 creature vanquished.

Grand Total: 51 creatures vanquished

Notes
Turn   | Place    | Note
-------+----------+-------------------------------------------
     0 | D:1      | Duffy the Naga Fighter began the quest for the Orb.
     0 | D:1      | Reached XP level 1. HP: 21/21 MP: 1/1
   176 | D:1      | Reached XP level 2. HP: 25/28 MP: 2/2
   845 | D:1      | Reached XP level 3. HP: 33/34 MP: 3/3
  1689 | D:2      | Reached XP level 4. HP: 39/42 MP: 4/4
  1880 | D:2      | Found a radiant altar of Vehumet.
  2071 | D:4      | Quit the game

Vault maps used:
D:1:      elethiomel_arrival_shortcut, hangedman_decor_points
D:2:      fiery_altar_vehumet, minivault_11
D:4:      cheibrodos_quashed, first_bread, serial_bayou, serial_bayou_pond_a,
          serial_bayou_ford_a, serial_bayou_crossing, serial_bayou_pond_c,
          okawaru_trees_2

Skill      XL: |  1  2  3 |
---------------+----------+-----
Axes           | 3 |  3.7
Shields        | 3 |  3.5
Fighting       | |  3.0
Armour         | |  2.4

Action                   |  1- 3 |  4- 6 || total
-------------------------+-------+-------++-------
Melee: War axe           |   114 |    48 ||   162
 Abil: Spit Poison       |     1 |       ||     1
  Use: Scroll            |     2 |       ||     2
  Eat: Chunk             |     2 |     1 ||     3
Armor: Scale mail        |    54 |    20 ||    74
Dodge: Dodged            |    31 |    15 ||    46
Block: Shield            |    63 |    29 ||    92
